 Dungeon Crawl Stone Soup version 0.28.0-53-g5a82cb258f (webtiles) character file.

Game seed: 15872495149004840206

313 Mattiprrivan the Slasher (level 6, -4/40 (43) HPs)
             Began as an Octopode Chaos Knight on May 28, 2022.
             Was a Plaything of Xom.
             Slain by a necrophage (6 damage)
             ... on level 4 of the Dungeon.
             The game lasted 00:15:05 (3021 turns).

Mattiprrivan the Slasher (Octopode Chaos Knight)    Turns: 3021, Time: 00:15:05

HP:   -4/40 (43)    AC:  1    Str: 12    XL:     6   Next: 43%
MP:   6/6           EV: 13    Int: 14    God:    Xom [......]
Gold: 83            SH:  0    Dex: 13    Spells: 5/5 levels left

rFire   . . .      SeeInvis +   a - +1 falchion (chaos)
rCold   . . .      Faith    .   (no shield)
rNeg    . . .      Spirit   .   (helmet restricted)
rPois   +          Reflect  .   (no amulet)
rElec   .          Harm     .   b - ring of see invisible
rCorr   .          Rampage  .   e - ring of poison resistance
Will    .....                   (no ring)
Stlth   +++.......              (no ring)
HPRegen 0.13/turn               (no ring)
MPRegen 0.10/turn               (no ring)
                                (no ring)
                                (no ring)

@: drained
A: almost no armour, amphibious, 8 rings, camouflage 1, gelatinous body 1,
(nimble swimmer 1), tentacles, deterioration 1, high MP 1
a: Renounce Religion


You were on level 4 of the Dungeon.
You worshipped Xom.
You were a very special plaything of Xom.
You visited 1 branch of the dungeon, and saw 4 of its levels.

You collected 167 gold pieces.
You spent 84 gold pieces at shops.

Inventory:

Hand Weapons
 a - a +1 falchion of chaos (weapon)
 f - a +0 short sword of freezing
 g - a +2 dagger of venom
Missiles
 j - 9 poisoned darts (quivered)
Jewellery
 b - a ring of see invisible (left tentacle)
 e - a ring of poison resistance (right tentacle)
Scrolls
 d - 5 scrolls of identify
Potions
 c - a potion of haste
 i - a potion of flight


   Skills:
 * Level 4.0 Fighting
 * Level 1.3(3.2) Short Blades
 * Level 4.6(4.7) Long Blades
 * Level 0.5 Throwing
 * Level 3.0 Dodging
 * Level 3.5 Stealth
 * Level 1.7 Unarmed Combat


You had 5 spell levels left.
You didn't know any spells.
Your spell library contained the following spells:

 Spells                   Type           Power      Damage    Failure   Level
 Sandblast                Erth           0%         2d4       28%         1
 Passwall                 Tmut/Erth      0%         N/A       41%         2
 Stone Arrow              Conj/Erth      0%         3d7       65%         3


Dungeon Overview and Level Annotations

Branches:
Dungeon (4/15)
 Temple: D:4-7

Altars:
Okawaru
Sif Muna
Trog

Shops:
D:2 !(([:


Innate Abilities, Weirdness & Mutations

You cannot wear most types of armour.
You are amphibious.
You can wear up to eight rings at the same time.
Your skin changes colour to match your surroundings (Stealth+).
Your rubbery body absorbs attacks. (AC +1, EV +1)
((You are camouflaged when in or above water. (Stealth+)))
You have tentacles for arms and can constrict up to eight enemies at once.
Your body sometimes deteriorates upon taking damage.
You have an increased reservoir of magic. (+10% MP)


Message History

You slash the black bear!
The black bear resists with some effort.
The black bear is heavily wounded.
You constrict the black bear. The necrophage hits you!
The gnoll closely misses you.
The black bear bites you but does no damage.
The black bear claws you. The black bear misses you.
You hit the black bear. You drain the black bear.
The black bear is almost dead.
You constrict the black bear. The necrophage barely misses you.
The gnoll barely misses you. The black bear bites you.
The black bear barely misses you. The black bear claws you.
You hit the black bear. You freeze the black bear.
You kill the black bear!
The necrophage barely misses you.
The gnoll hits you from afar with a +0 halberd.
You feel your strength returning.
Your Fighting skill increases to level 4!
Your Dodging skill increases to level 3!
You have reached level 6!
You hit the adder. You burn the adder. Your grab misses the adder.
The adder is severely wounded.
The adder misses you. The necrophage hits you.
* * * LOW HITPOINT WARNING * * *
You feel drained.
* * * LOW HITPOINT WARNING * * *
The gnoll hits you from afar with a +0 halberd.
* * * LOW HITPOINT WARNING * * *
The adder closely misses you.
You closely miss the adder. Your grab misses the adder.
You squeeze the adder, but do no damage.
The adder is severely wounded.
The necrophage hits you.
* * * LOW HITPOINT WARNING * * *
You feel drained. The adder closely misses you. The gnoll misses you.
You barely miss the adder. You grab the adder. Your squeeze misses the adder.
The adder is severely wounded.
You constrict the adder. The necrophage hits you.
You die...
Xom cackles wildly!

.........##..
#.##.....##..
..........#.#.....#
#########.
.........<.##.....#
#....<....
...........##.....#
#.########
......./.$.##.....#
...
...........##.....#
..###
...........##.g...#).
......$.....#.#n####
.............ggS@#
...#.....#########
##########


You could see a necrophage, 3 gnolls and an adder.

Vanquished Creatures
  A black bear (D:4)
  A scorpion (D:2)
  An orc priest (D:3)
  A hound (D:4)
  An adder (D:2)
  An ufetubus (D:4)
  3 worms
  A dart slug (D:1)
  3 orcs (D:3)
  4 endoplasms
  3 giant cockroaches
  13 goblins
  4 hobgoblins
  3 jackals (D:3)
  7 kobolds
  5 quokkas
  5 ball pythons
  4 bats
  A frilled lizard (D:1)
  5 rats
67 creatures vanquished.

Vanquished Creatures (others)
  A wizard (D:3)
  A plant (D:2)
2 creatures vanquished.

Grand Total: 69 creatures vanquished

Notes
Turn   | Place    | Note
-------+----------+-------------------------------------------
     0 | D:1      | Mattiprrivan the Octopode Chaos Knight began the quest for
                  | the Orb.
     0 | D:1      | Reached XP level 1. HP: 16/16 MP: 1/1
    55 | D:1      | XOM: silly message
   135 | D:1      | XOM: butterfly on damage
   295 | D:1      | Reached XP level 2. HP: 14/21 MP: 2/2
   811 | D:1      | Reached skill level 1 in Stealth
   811 | D:1      | Reached XP level 3. HP: 26/26 MP: 3/3
   953 | D:1      | XOM: god gift: 2 grey potions {god gift}
  1150 | D:2      | Found Dibarphom's Armour Boutique.
  1209 | D:2      | XOM: divination: magic mapping
  1244 | D:2      | Noticed a scorpion
  1250 | D:2      | Killed a scorpion
  1251 | D:2      | Reached skill level 1 in Unarmed Combat
  1251 | D:2      | Reached XP level 4. HP: 23/32 MP: 4/4
  1260 | D:2      | XOM: silly message
  1309 | D:2      | XOM is BORED!
  1472 | D:2      | Found Epsan's Book Shop.
  1693 | D:2      | Found Geewil's Antique Weapon Shop.
  1748 | D:2      | Found Fuifarux's Antique Weapon Boutique.
  1826 | D:2      | Found a faded altar of an unknown god.
  1883 | D:2      | Found Awkuus's Distillery.
  1891 | D:2      | Bought a potion of degeneration for 14 gold pieces
  1891 | D:2      | Bought a potion of heal wounds for 70 gold pieces
  1923 | D:2      | Reached XP level 5. HP: 32/37 MP: 5/5
  2070 | D:3      | XOM: 1-stop teleportation journey
  2075 | D:3      | Reached skill level 1 in Short Blades
  2417 | D:3      | XOM: god gift: 37 gold pieces
  2517 | D:3      | Found a bloodstained altar of Trog.
  2519 | D:3      | Noticed a wizard
  2523 | D:3      | Killed a wizard
  2531 | D:3      | XOM: stat loss: -1 Str (11/12)
  2826 | D:3      | Found a large runed translucent door.
  2830 | D:3      | Found a large runed translucent door.
  2865 | D:3      | Found a shimmering blue altar of Sif Muna.
  2876 | D:3      | Found an iron altar of Okawaru.
  2984 | D:4      | XOM: give mutations
  2984 | D:4      | Gained mutation: Your body sometimes deteriorates upon
                  | taking damage. [Xom's mischief]
  2984 | D:4      | Gained mutation: You have an increased reservoir of magic.
                  | (+10% MP) [Xom's mischief]
  2995 | D:4      | Noticed a black bear
  2995 | D:4      | XOM: 1-stop teleportation journey
  3007 | D:4      | Noticed a necrophage
  3013 | D:4      | HP: 1/37 [black bear (5)]
  3018 | D:4      | Killed a black bear
  3019 | D:4      | Reached XP level 6. HP: 15/43 MP: 6/6
  3020 | D:4      | HP: 2/41 [necrophage (2)]
  3021 | D:4      | Slain by a necrophage

Illustrated notes

Levels and vault maps discovered:
D:1:      dpeg_arrival_arbitrary_a, layout_loops_ring
D:2:      layout_rooms, serial_shops, shop, shop, nicolae_square_shop, shop,
          nicolae_shop_advertising_works [nicolae_subvault_shop_adworks],
          shapermc_ecumenical_altar_hornbeckon, grunt_decor_mini_mirrors
D:3:      layout_rooms, trog_wizard, jmf_multi_god_temple2
D:4:      gammafunk_cloud_chamber, layout_rooms, minmay_door_square,
          nrook_mini_backslash, minmay_crystal_room

Skill      XL: |  1  2  3  4  5 |
---------------+----------------+-----
Stealth        | 1 2 3 |  3.5
Unarmed Combat | 1 |  1.7
Long Blades    | 4 |  4.6
Short Blades   | 1 |  1.3
Fighting       | 4 |  4.0
Dodging        | 3 |  3.0
Throwing       | |  0.5

Action                   |  1- 3 |  4- 6 || total
-------------------------+-------+-------++-------
Melee: Falchion          |    52 |    67 ||   119
       Constrict         |    11 |    19 ||    30
       Tentacles         |     7 |    13 ||    20
       Punch             |     2 |     4 ||     6
  Use: Scroll            |     4 |     2 ||     6
       Potion            |     2 |     2 ||     4
 Stab: Sleeping          |     5 |     5 ||    10
Armor: Skin              |     4 |     7 ||    11
Dodge: Dodged            |    38 |    58 ||    96
